 Dungeon Crawl Stone Soup version 0.29-a0-998-g1987434951 (webtiles) character file.

Game seed: 18098149116011950975

46 drpainis the Chopper (level 3, 0/33 HPs)
             Began as a Hill Orc Monk on Aug 6, 2022.
             Slain by a gnoll
             ... wielding a +0 spear
              (4 damage)
             ... on level 2 of the Dungeon.
             The game lasted 00:01:45 (964 turns).

drpainis the Chopper (Hill Orc Monk)                 Turns: 964, Time: 00:01:46

Health: 0/33       AC:  5    Str: 15    XL:     3   Next: 66%
Magic:  3/3        EV: 11    Int: 10    God:
Gold:   27         SH:  0    Dex: 13    Spells: 2/2 levels left

rFire   + . .      SeeInvis .   f - +2 dagger (speed)
rCold   . . .      Faith    .   (no shield)
rNeg    . . .      Spirit   .   g - +0 ring mail
rPois   .          Reflect  .   (no helmet)
rElec   .          Harm     .   (no cloak)
rCorr   .          Rampage  .   (no gloves)
Will    .....                   (no boots)
Stlth   +.........              (no amulet)
HPRegen 0.11/turn               j - ring of protection from fire
MPRegen 0.08/turn               (no ring)

@: no status effects
A: no striking features
a: no special abilities


You were on level 2 of the Dungeon.
You visited 1 branch of the dungeon, and saw 2 of its levels.

You collected 27 gold pieces.

Inventory:

Hand Weapons
 a - a +0 hand axe
 f - a +2 dagger of speed (weapon)
Missiles
 l - 2 poisoned darts (quivered)
Armour
 b - a +0 robe
 g - a +0 ring mail (worn)
Jewellery
 j - a ring of protection from fire (left hand)
 m - a ring of protection from fire
Scrolls
 d - 2 scrolls of fog {unknown}
 h - a scroll of identify {unknown}
Potions
 c - a potion of ambrosia
 e - a potion of lignification {unknown}
 i - 2 potions of mutation {unknown}
 k - a potion of brilliance {unknown}


   Skills:
 + Level 4.0 Fighting
 + Level 0.6 Short Blades
 + Level 4.8 Axes
 + Level 0.2 Armour
 + Level 2.8 Dodging
 + Level 1.8 Stealth


You had 2 spell levels left.
You didn't know any spells.
Your spell library was empty.

Dungeon Overview and Level Annotations

Branches:
Dungeon (2/15)

Altars:

Shops:
D:1 [


Message History

The gnoll hits you but does no damage.
You hit the gnoll.
The gnoll is heavily wounded.
The gnoll barely misses you. The gnoll closely misses you.
You hit the gnoll.
The gnoll is severely wounded.
You hit the gnoll.
You kill the gnoll!
The gnoll closely misses you.
Your Fighting skill increases to level 4!
You hit the gnoll.
The gnoll is almost dead.
The gnoll hits you but does no damage.
The gnoll hits you from afar with a +0 spear.
You barely miss the gnoll.
The gnoll is almost dead.
You barely miss the gnoll.
The gnoll is almost dead.
The gnoll barely misses you. x2
You hit the gnoll.
You kill the gnoll!
The gnoll hits you from afar with a +0 spear.
The gnoll misses you.
Things that are here:
a +0 club; a +0 club; a gnoll corpse You hit the gnoll.
The gnoll is lightly wounded.
You hit the gnoll.
The gnoll is moderately wounded.
The gnoll hits you with a +0 spear.
* * * LOW HITPOINT WARNING * * *
You hit the gnoll.
The gnoll is moderately wounded.
The gnoll closely misses you.
You closely miss the gnoll.
The gnoll is moderately wounded.
You closely miss the gnoll.
The gnoll is moderately wounded.
The gnoll hits you with a +0 spear.
You die...

#.# ##..##.##..####.#
.............†......#
.#############.#.#..#
. ##.#.# # #....# .#
#.#######.#
#....#..(. ####.#..##
#@#...# #.g...#
#.#...# #.##### ..#
...# ..... ......
g......


You could see a gnoll.

Vanquished Creatures
  2 gnolls (D:2)
  A ball python (D:1)
  2 bats (D:1)
  3 endoplasms
  A giant cockroach (D:1)
  2 hobgoblins (D:1)
  A quokka (D:1)
  3 frilled lizards
  6 kobolds (D:1)
  6 rats (D:1)
27 creatures vanquished.

Notes
Turn   | Place    | Note
-------+----------+-------------------------------------------
     0 | D:1      | drpainis the Hill Orc Monk began the quest for the Orb.
     0 | D:1      | Reached XP level 1. HP: 19/19 MP: 1/1
   151 | D:1      | Found Rops's Armour Shoppe.
   166 | D:1      | Reached XP level 2. HP: 18/27 MP: 2/2
   491 | D:1      | Found a faded altar of an unknown god.
   909 | D:2      | Reached XP level 3. HP: 33/33 MP: 3/3
   964 | D:2      | Slain by a gnoll

Illustrated notes

Levels and vault maps discovered:
D:1:      lightli_arrival_noodles, layout_basic,
          chequers_ecumenical_altar_simple_redux, serial_shops, shop_statue
D:2:      layout_loops_cross, minmay_circle_x

Skill      XL: |  1  2  3 |
---------------+----------+-----
Fighting       | 4 |  4.0
Short Blades   | |  0.6
Axes           | |  4.8
Armour         | |  0.2
Dodging        | |  2.8
Stealth        | |  1.8

Action                   || total
-------------------------++-------
Melee: Hand axe          ||    22
       Dagger            ||    72
 Stab: Sleeping          ||     1
Armor: Robe              ||    17
       Ring mail         ||    16
Dodge: Dodged            ||    49

Table legend: (Time is in decaauts)
 A = Elapsed time spent in this place.
 B = Non-inter-level travel time spent in this place.
 C = Inter-level travel time spent in this place.
 D = Time resting spent in this place.
 E = Time spent auto-exploring this place.
 F = Levels seen in this place.
 G = Mean time per level.
                   A        B        C        D        E       F      G
               +--------+--------+--------+--------+--------+-----+--------+
         Total |    940 |    887 |     53 |     53 |    552 |   2 |  470.0 |
       Dungeon |    940 |    887 |     53 |     53 |    552 |   2 |  470.0 |
               +--------+--------+--------+--------+--------+-----+--------+

Top non-repeatable levels by time:
     D:1: 875 daAuts
     D:2: 65 daAuts
